[Event "8th Dolomiti Open 2017"]
[Site "Forni di Sopra"]
[Date "2017.06.13"]
[Round "4.12"]
[White "Kiefer, Gerhard"]
[Black "Bettalli, Francesco"]
[Result "1/2-1/2"]
[ECO "B33"]
[WhiteElo "2259"]
[BlackElo "2182"]
[Annotator "ChessBase"]
[PlyCount "54"]
[EventDate "2017.??.??"]
[EventType "swiss"]
[EventCountry "ITA"]
[SourceTitle "playchess.com"]
[Source "ChessBase"]
[SourceQuality "1"]
[TimeControl "40/5400+30:1800+30"]

1. e4 c5 2. Nf3 Nc6 3. d4 cxd4 4. Nxd4 Nf6 5. Nc3 e5 6. Ndb5 d6 7. Bg5 a6 8. Na3 b5 9. Bxf6 gxf6 10. Nd5 f5 11. exf5 Bxf5 12. c3 Bg7 13. Nc2 O-O 14. Nce3 Be6 15. Bd3 f5 16. Qh5 e4 17. Bc2 Ne7 18. Nf4 Bf7 19. Bb3 Bxb3 20. axb3 Qd7 21. O-O {[%emt 0:00:30] ] O-O [%clk 1:34:0]} Be5 22. Ned5 Rf7 23. Nxe7+ Qxe7 24. Nd5 Qe6 25. Rad1 Kh8 26. f4 Bf6 27. b4 Rg8 1/2-1/2